[ AOE2 MATCH · #495898885 ]
UnrankedBritons vs Mongols
Player's team · LOSS
Rival team · WIN
[ REPLAY ANALYSIS · EXTRACTED FROM THE RECORDED GAME ]
Feudal
8:59
Castle
22:52
Imperial
40:12
| APM avg | 51.0 |
| APM peak | 104 |
| eAPM avg | 28.4 |
| Villagers / military | 147 / 208 |
Focus
⚔️ 56.1% · 🌾 43.9%
Archer ×145 · Knight ×23 · Trebuchet (Packed) ×16 · Scout Cavalry ×15 · Militia ×4 · Spearman ×3
Feudal
8:44
Castle
22:18
Imperial
44:41
| APM avg | 47.4 |
| APM peak | 136 |
| eAPM avg | 18.1 |
| Villagers / military | 158 / 169 |
Focus
⚔️ 35.1% · 🌾 64.9%
Cavalry Archer ×114 · Mangudai ×22 · Scout Cavalry ×10 · Battering Ram ×9 · Skirmisher ×4 · Trebuchet (Packed) ×4
Match map
Initial resources + every placement click. Lines = walls · curves = elevation contours. ◆ gold · ⬟ stone · ● berries · ✦ relic · ◌ wall gap
Your base· ✓ Closed at 22:52 · 57t walls · 1 gate(s)
vatreides1's base· Open — unwalled flank
Smoothed initial terrain · ◌ = detected wall gap · hover for details
Inputs per minute
— ImperialSheep - - vatreides1
Build order — ImperialSheep
First 150 of 524 actions detected
| 0:01 | Create | Villager (Male) |
| 0:01 | Create | Villager (Male) |
| 0:02 | Build | House |
| 0:04 | Build | House |
| 0:16 | Create | Villager (Male) |
| 0:22 | Create | Villager (Male) |
| 1:18 | Create | Villager (Male) |
| 1:19 | Create | Villager (Male) |
| 1:51 | Create | Villager (Male) |
| 2:09 | Build | Lumber Camp |
| 2:14 | Create | Villager (Male) |
| 2:14 | Create | Villager (Male) |
| 2:25 | Create | Villager (Male) |
| 2:26 | Create | Villager (Male) |
| 2:44 | Create | Villager (Male) |
| 2:44 | Create | Villager (Male) |
| 3:29 | Create | Villager (Male) |
| 3:29 | Create | Villager (Male) |
| 3:44 | Create | Villager (Male) |
| 3:45 | Create | Villager (Male) |
| 3:59 | Create | Villager (Male) |
| 3:59 | Create | Villager (Male) |
| 4:14 | Build | House |
| 4:21 | Create | Villager (Male) |
| 4:21 | Create | Villager (Male) |
| 5:01 | Create | Villager (Male) |
| 5:09 | Build | Barracks |
| 5:51 | Build | House |
| 5:56 | Create | Villager (Male) |
| 5:57 | Research | Loom |
| 6:43 | Research | Feudal Age |
| 6:44 | Research | Feudal Age |
| 6:44 | Research | Feudal Age |
| 6:55 | Build | Mining Camp |
| 7:21 | Create | Militia |
| 7:21 | Create | Militia |
| 7:22 | Create | Militia |
| 8:06 | Build | Mill |
| 8:13 | Create | Militia |
| 8:23 | Create | Villager (Male) |
| 8:30 | Build | House |
| 8:40 | Create | Villager (Male) |
| 8:59 | Age | Feudal Age |
| 9:06 | Research | Man-at-Arms (upgrade) |
| 9:11 | Create | Villager (Male) |
| 9:25 | Create | Villager (Male) |
| 9:26 | Create | Villager (Male) |
| 9:42 | Build | House |
| 9:53 | Create | Villager (Male) |
| 10:03 | Build | Archery Range |
| 10:10 | Create | Villager (Male) |
| 10:17 | Create | Spearman |
| 10:21 | Create | Villager (Male) |
| 10:25 | Build | House |
| 10:53 | Create | Villager (Male) |
| 11:00 | Create | Spearman |
| 11:04 | Create | Archer |
| 11:17 | Create | Villager (Male) |
| 11:20 | Create | Archer |
| 11:26 | Build | House |
| 11:28 | Build | Palisade Wall |
| 11:32 | Build | Palisade Wall |
| 11:35 | Build | Palisade Wall |
| 11:37 | Build | Palisade Wall |
| 11:55 | Create | Villager (Male) |
| 11:55 | Create | Villager (Male) |
| 12:01 | Build | House |
| 12:04 | Create | Villager (Male) |
| 12:06 | Create | Villager (Male) |
| 12:08 | Create | Villager (Male) |
| 12:10 | Build | Farm |
| 12:11 | Build | Farm |
| 12:11 | Build | Farm |
| 12:11 | Build | Farm |
| 12:31 | Build | Palisade Wall |
| 12:35 | Create | Archer |
| 12:39 | Create | Villager (Male) |
| 12:43 | Build | Palisade Gate |
| 12:53 | Build | Palisade Wall |
| 13:01 | Build | Palisade Wall |
| 13:05 | Build | Palisade Wall |
| 13:06 | Create | Villager (Male) |
| 13:16 | Create | Villager (Male) |
| 13:18 | Build | Farm |
| 13:24 | Create | Spearman |
| 13:30 | Build | Palisade Wall |
| 13:31 | Create | Villager (Male) |
| 13:40 | Build | House |
| 13:43 | Build | Palisade Wall |
| 13:43 | Create | Villager (Male) |
| 13:50 | Create | Villager (Male) |
| 13:59 | Create | Villager (Male) |
| 14:05 | Create | Archer |
| 14:12 | Research | Double-Bit Axe |
| 14:12 | Research | Double-Bit Axe |
| 14:12 | Create | Villager (Male) |
| 14:13 | Create | Villager (Male) |
| 14:27 | Create | Villager (Male) |
| 14:40 | Build | Blacksmith |
| 14:44 | Create | Villager (Male) |
| 14:59 | Build | House |
| 15:02 | Build | Palisade Wall |
| 15:06 | Create | Villager (Male) |
| 15:09 | Build | Farm |
| 15:09 | Create | Archer |
| 15:15 | Create | Villager (Male) |
| 15:21 | Build | Farm |
| 15:29 | Build | House |
| 15:36 | Create | Villager (Male) |
| 15:39 | Create | Villager (Male) |
| 15:43 | Create | Villager (Male) |
| 15:47 | Build | Farm |
| 15:58 | Create | Villager (Male) |
| 16:03 | Build | Farm |
| 16:03 | Create | Villager (Male) |
| 16:11 | Create | Villager (Male) |
| 16:13 | Build | Farm |
| 16:31 | Build | Watch Tower |
| 16:47 | Build | Farm |
| 16:48 | Create | Archer |
| 16:50 | Research | Fletching |
| 16:50 | Create | Villager (Male) |
| 17:30 | Create | Villager (Male) |
| 17:34 | Build | Lumber Camp |
| 17:48 | Create | Villager (Male) |
| 17:55 | Build | Farm |
| 18:01 | Create | Villager (Male) |
| 18:04 | Build | Farm |
| 18:06 | Research | Horse Collar |
| 18:15 | Create | Archer |
| 18:25 | Build | Farm |
| 18:27 | Create | Villager (Male) |
| 18:45 | Create | Villager (Male) |
| 19:02 | Build | Market |
| 19:03 | Create | Villager (Male) |
| 19:07 | Build | Farm |
| 19:12 | Build | House |
| 19:13 | Build | House |
| 19:15 | Create | Villager (Male) |
| 19:17 | Create | Archer |
| 19:21 | Create | Villager (Male) |
| 19:23 | Build | Lumber Camp |
| 19:44 | Create | Villager (Male) |
| 20:12 | Research | Castle Age |
| 20:19 | Build | Farm |
| 20:50 | Build | Stable |
| 20:52 | Research | Scale Barding Armor |
| 20:53 | Create | Villager (Male) |
| 20:57 | Build | House |
| 20:58 | Build | House |
Build order — vatreides1
First 150 of 485 actions detected
| 0:01 | Create | Villager (Male) |
| 0:02 | Create | Villager (Male) |
| 0:02 | Create | Villager (Male) |
| 0:02 | Create | Villager (Male) |
| 0:02 | Create | Villager (Male) |
| 0:04 | Build | House |
| 0:05 | Build | House |
| 1:36 | Create | Villager (Male) |
| 1:55 | Research | Loom |
| 2:33 | Create | Villager (Male) |
| 2:34 | Create | Villager (Male) |
| 2:34 | Create | Villager (Male) |
| 2:58 | Create | Villager (Male) |
| 2:58 | Create | Villager (Male) |
| 2:59 | Create | Villager (Male) |
| 3:29 | Build | Lumber Camp |
| 4:04 | Create | Villager (Male) |
| 4:21 | Build | House |
| 4:34 | Create | Villager (Male) |
| 4:52 | Create | Villager (Male) |
| 5:29 | Create | Villager (Male) |
| 5:43 | Build | Mill |
| 6:05 | Create | Villager (Male) |
| 6:34 | Research | Feudal Age |
| 6:34 | Research | Feudal Age |
| 7:09 | Build | Barracks |
| 7:51 | Build | House |
| 8:44 | Age | Feudal Age |
| 8:46 | Build | Stable |
| 8:49 | Create | Villager (Male) |
| 8:50 | Create | Villager (Male) |
| 9:14 | Create | Villager (Male) |
| 9:17 | Build | House |
| 9:21 | Build | House |
| 9:49 | Create | Scout Cavalry |
| 9:49 | Create | Scout Cavalry |
| 9:55 | Research | Double-Bit Axe |
| 9:59 | Build | House |
| 10:07 | Create | Villager (Male) |
| 10:08 | Create | Villager (Male) |
| 10:32 | Create | Villager (Male) |
| 10:33 | Create | Scout Cavalry |
| 11:06 | Build | House |
| 11:09 | Build | House |
| 11:24 | Create | Villager (Male) |
| 11:24 | Create | Villager (Male) |
| 12:04 | Create | Villager (Male) |
| 12:25 | Build | Archery Range |
| 12:27 | Build | Palisade Wall |
| 12:35 | Build | Mill |
| 12:42 | Create | Villager (Male) |
| 12:42 | Create | Villager (Male) |
| 12:45 | Build | Farm |
| 12:46 | Build | Farm |
| 12:51 | Build | Farm |
| 13:01 | Build | Archery Range |
| 13:20 | Create | Villager (Male) |
| 13:27 | Build | House |
| 13:33 | Build | Farm |
| 13:34 | Build | Farm |
| 13:43 | Create | Skirmisher |
| 13:47 | Build | Mining Camp |
| 13:56 | Create | Skirmisher |
| 13:58 | Create | Villager (Male) |
| 14:08 | Build | Farm |
| 14:10 | Create | Villager (Male) |
| 14:24 | Create | Archer |
| 14:26 | Create | Villager (Male) |
| 14:46 | Build | Blacksmith |
| 14:51 | Create | Skirmisher |
| 14:54 | Create | Villager (Male) |
| 15:04 | Create | Archer |
| 15:05 | Create | Villager (Male) |
| 15:08 | Build | Farm |
| 15:16 | Build | House |
| 15:30 | Create | Skirmisher |
| 15:52 | Research | Fletching |
| 15:54 | Build | Farm |
| 15:55 | Create | Villager (Male) |
| 15:57 | Build | House |
| 16:26 | Create | Villager (Male) |
| 16:28 | Create | Archer |
| 16:51 | Create | Villager (Male) |
| 16:54 | Build | House |
| 17:05 | Create | Villager (Male) |
| 17:31 | Create | Villager (Male) |
| 17:35 | Build | House |
| 17:39 | Build | Farm |
| 18:03 | Build | Market |
| 18:04 | Create | Villager (Male) |
| 18:06 | Build | Farm |
| 18:12 | Build | Farm |
| 18:33 | Build | Farm |
| 18:38 | Build | Farm |
| 18:39 | Create | Villager (Male) |
| 18:42 | Create | Villager (Male) |
| 18:47 | Build | House |
| 18:50 | Build | Palisade Wall |
| 19:13 | Build | Archery Range |
| 19:34 | Build | Lumber Camp |
| 19:38 | Research | Castle Age |
| 20:16 | Build | Lumber Camp |
| 20:23 | Research | Gold Mining |
| 20:28 | Research | Padded Archer Armor |
| 20:58 | Build | Farm |
| 21:06 | Research | Bloodlines |
| 21:06 | Research | Bloodlines |
| 21:28 | Research | Horse Collar |
| 22:18 | Age | Castle Age |
| 22:22 | Research | Bodkin Arrow |
| 22:24 | Create | Cavalry Archer ×5 |
| 22:25 | Create | Villager (Male) |
| 22:25 | Create | Villager (Male) |
| 22:25 | Create | Villager (Male) |
| 22:53 | Research | Husbandry |
| 22:53 | Research | Husbandry |
| 22:53 | Research | Husbandry |
| 22:56 | Create | Cavalry Archer |
| 23:10 | Create | Cavalry Archer |
| 23:11 | Create | Cavalry Archer |
| 23:11 | Create | Cavalry Archer |
| 23:15 | Create | Villager (Male) |
| 23:34 | Create | Cavalry Archer |
| 23:37 | Create | Villager (Male) |
| 23:43 | Build | University |
| 24:07 | Create | Cavalry Archer |
| 24:07 | Create | Cavalry Archer |
| 24:09 | Create | Villager (Male) |
| 24:09 | Create | Villager (Male) |
| 24:19 | Create | Cavalry Archer |
| 24:19 | Create | Cavalry Archer |
| 24:21 | Create | Villager (Male) |
| 24:40 | Research | Leather Archer Armor |
| 24:40 | Research | Leather Archer Armor |
| 24:40 | Research | Leather Archer Armor |
| 24:40 | Research | Leather Archer Armor |
| 25:08 | Research | Ballistics |
| 25:11 | Create | Villager (Male) |
| 25:20 | Create | Cavalry Archer |
| 25:29 | Create | Villager (Male) |
| 25:35 | Create | Villager (Male) |
| 25:46 | Create | Villager (Male) |
| 25:47 | Create | Cavalry Archer |
| 25:47 | Create | Cavalry Archer |
| 26:10 | Create | Villager (Male) |
| 26:11 | Create | Villager (Male) |
| 26:12 | Create | Cavalry Archer |
| 26:12 | Create | Cavalry Archer |
| 26:12 | Create | Cavalry Archer |
| 26:47 | Create | Cavalry Archer |
Match timeline
| 5:09 | ImperialSheep · first_building Barracks |
| 7:09 | vatreides1 · first_building Barracks |
| 8:44 | vatreides1 · age_up feudal |
| 8:46 | vatreides1 · first_building Stable |
| 8:59 | ImperialSheep · age_up feudal |
| 10:03 | ImperialSheep · first_building Archery Range |
| 11:28 | ImperialSheep · wall_segment Palisade Wall x1 |
| 11:32 | ImperialSheep · wall_segment Palisade Wall x1 |
| 11:35 | ImperialSheep · wall_segment Palisade Wall x1 |
| 11:37 | ImperialSheep · wall_segment Palisade Wall x1 |
| 12:25 | vatreides1 · first_building Archery Range |
| 12:27 | vatreides1 · wall_segment Palisade Wall x1 |
| 12:31 | ImperialSheep · wall_segment Palisade Wall x15 |
| 12:53 | ImperialSheep · wall_segment Palisade Wall x11 |
| 13:01 | ImperialSheep · wall_segment Palisade Wall x2 |
| 13:05 | ImperialSheep · wall_segment Palisade Wall x12 |
| 13:30 | ImperialSheep · wall_segment Palisade Wall x12 |
| 13:43 | ImperialSheep · wall_segment Palisade Wall x4 |
| 15:02 | ImperialSheep · wall_segment Palisade Wall x1 |
| 18:50 | vatreides1 · wall_segment Palisade Wall x13 |
| 19:42 | ImperialSheep · first_market_buy 100 food |
| 20:09 | ImperialSheep · first_market_sell 100 wood |
| 20:50 | ImperialSheep · first_building Stable |
| 22:18 | vatreides1 · age_up castle |
| 22:52 | ImperialSheep · age_up castle |
| 24:39 | ImperialSheep · wall_segment Stone Wall x9 |
| 25:00 | vatreides1 · first_market_sell 100 food |
| 28:28 | vatreides1 · first_building Monastery |
| 32:56 | vatreides1 · first_building Siege Workshop |
| 34:59 | ImperialSheep · first_building Monastery |
| 35:59 | vatreides1 · first_market_buy 100 wood |
| 36:01 | ImperialSheep · first_building Siege Workshop |
| 38:33 | vatreides1 · first_building Castle |
| 40:12 | ImperialSheep · age_up imperial |
| 40:34 | ImperialSheep · first_building Castle |
| 44:41 | vatreides1 · age_up imperial |
| 49:50 | ImperialSheep · resign |
[ AI ANALYSIS · 1 CREDIT ]
What really happened in this match?
Wolo.gg analyzes every decision: build order, eco, micro, common mistakes by bracket. Personalized analysis on WhatsApp or Discord in 30 seconds.
Civ guide
Britons
Perfil
ImperialSheep